 Dungeon Crawl Stone Soup version 0.31-a0-210-gccc998df9b (webtiles) character file.

Game seed: 14571629342116066273

81 nono the Trooper (level 4, -7/37 HPs)
             Began as a Formicid Cinder Acolyte on June 30, 2023.
             Was a High Priest of Ignis.
             Killed by divine providence
             ... invoked by an orc priest
              (9 damage)
             ... on level 3 of the Dungeon.
             The game lasted 00:05:01 (2042 turns).

nono the Trooper (Formicid Cinder Acolyte)          Turns: 2042, Time: 00:05:02

Health: -7/37      AC:  5    Str: 19 (20) XL:     4   Next: 68%
Magic:  6/7        EV: 11    Int: 11 (14) God:    Ignis [*****.]
Gold:   101        SH:  0    Dex: 10 (12) Spells: 5/7 levels left

rFire   . . .        o - +6 spear "Sucsergh" {drain, rF- rN++ Dex+3}
rCold   + . .        (no shield)
rNeg    + + .        n - +2 leather armour {rC+}
rPois   .            (helmet unavailable)
rElec   .            (no cloak)
rCorr   .            (no gloves)
SInv    +            (no boots)
Will    .....        (no amulet)
Stlth   +            (no ring)
HPRegen 0.26/turn    (no ring)
MPRegen 0.10/turn

%: no passive effects
@: mighty, brilliant, unable to read
A: permanent stasis, dig shafts and tunnels, antennae 3, four strong arms,
hooves 1, inability to read after injury 1
a: Dig, Shaft Self, Renounce Religion, Fiery Armour, Foxfire Swarm, Rising Flame


You were on level 3 of the Dungeon.
You worshipped Ignis.
Ignis was extremely pleased with you.
You visited 1 branch of the dungeon, and saw 3 of its levels.

You collected 101 gold pieces.

Inventory:

Hand Weapons
 a - a -1 hand axe of flaming
 g - a +2 short sword of holy wrath
 o - the +6 spear "Sucsergh" (weapon) {drain, rF- rN++ Dex+3}
   (You found it on level 3 of the Dungeon)

   Dex:       It affects your dexterity (+3).
   rF:        It makes you vulnerable to fire.
   rN:        It greatly protects you from negative energy.
Armour
 b - a +0 robe
 l - a +0 ring mail
 n - a +2 leather armour of cold resistance (worn)
Jewellery
 c - a ring of fire
Scrolls
 f - a scroll of identify {unknown}
 j - a scroll of immolation {unknown}
 k - a scroll of acquirement {unknown}
 m - a scroll of teleportation {unknown}
 p - a scroll of revelation {unknown}
Potions
 h - a potion of degeneration


   Skills:
 + Level 4.0 Fighting
 + Level 3.6 Axes
 + Level 0.6 Armour
 - Level 2.0 Spellcasting
 - Level 3.5 Fire Magic


You had 5 spell levels left.
You knew the following spells:

 Your Spells              Type           Power      Damage    Failure   Level
a - Scorch                Fire           26%        2d6       12%         2

Your spell library contained the following spells:

 Spells                   Type           Power      Damage    Failure   Level


Dungeon Overview and Level Annotations

Branches:
Dungeon (3/15)

Altars:


Innate Abilities, Weirdness & Mutations

You cannot be hasted, slowed, berserked, paralysed or teleported.
You can dig through walls and to a lower floor.
You have a pair of large antennae on your head. (SInv)
Your four strong arms can wield two-handed weapons with a shield.
You have large cloven feet.
You occasionally lose the ability to read scrolls when taking damage.


Message History

The ball python barely misses you. The ball python constricts you.
You closely miss the ball python.
The orc priest calls down the wrath of Beogh upon you.
Beogh smites you!
* * * LOW HITPOINT WARNING * * *
The ball python bites you.
* * * LOW HITPOINT WARNING * * *
The ball python constricts you.
It was a potion of degeneration.
There was something very wrong with that liquid.
You feel weakened.
You feel dopey.
You feel clumsy. The ball python bites you.
* * * LOW HITPOINT WARNING * * *
The ball python constricts you.
It was a potion of brilliance.
You feel clever all of a sudden.
The ball python bites you but does no damage.
The ball python constricts you.
It was a potion of mutation.
You feel extremely strange.
You occasionally lose the ability to read scrolls when taking damage.
Your feet thicken and deform.
The ball python barely misses you. The ball python constricts you.
It was a potion of might.
You feel very mighty all of a sudden.
The ball python bites you but does no damage.
The ball python constricts you.
The ball python bites you but does no damage.
The ball python constricts you.
You puncture the ball python!
You kill the ball python!
You closely miss the orc priest.
The orc priest is moderately wounded.
The orc priest hits you with a +0 hand axe.
* * * LOW HITPOINT WARNING * * *
You puncture the orc priest!
The orc priest is severely wounded.
The orc priest mumbles some strange prayers to Beogh against you.
Beogh smites you!
You feel threatened and lose the ability to read scrolls!
You die...

...# ......... ...#
#.....#.. ...##
#.###.#.. .... .. ..###
..# #.# # #.# .. .. .
#)# .. ...#
#..####o##### ####
##.....@)...# ###
...........†# #..
##..........##########..
#...(..................
#.........[##########..
#..........# #..
#..........# #..
#..........# #..
#..........# #..


You could see an orc priest.

Vanquished Creatures
  3 adders (D:2)
  A worm (D:2)
  A dart slug (D:2)
  2 orcs (D:3)
  2 bats
  7 endoplasms
  3 giant cockroaches
  3 goblins
  6 hobgoblins
  A quokka (D:1)
  5 ball pythons
  3 frilled lizards (D:1)
  3 kobolds
  8 rats
48 creatures vanquished.

Vanquished Creatures (others)
  2 foxfires (D:3)
2 creatures vanquished.

Grand Total: 50 creatures vanquished

Notes
Turn   | Place    | Note
-------+----------+-------------------------------------------
     0 | D:1      | nono the Formicid Cinder Acolyte began the quest for the
                  | Orb.
     0 | D:1      | Reached XP level 1. HP: 18/18 MP: 2/2
   178 | D:1      | Reached XP level 2. HP: 23/24 MP: 3/3
   560 | D:1      | Reached XP level 3. HP: 29/29 MP: 5/5
  1303 | D:2      | Reached XP level 4. HP: 36/37 MP: 6/6
  1353 | D:2      | Learned a level 2 spell: Scorch
  1825 | D:2      | Reached skill level 4 in Fighting
  1871 | D:3      | Identified the +6 spear "Sucsergh" {drain, rF- rN++ Dex+3}
  2038 | D:3      | Gained mutation: You occasionally lose the ability to read
                  | scrolls when taking damage. [potion of mutation]
  2038 | D:3      | Gained mutation: You have large cloven feet. [potion of
                  | mutation]
  2042 | D:3      | Killed from afar by an orc priest

Illustrated notes

Levels and vault maps discovered:
D:1:      onia_arrival_pyramid, layout_basic
D:2:      layout_basic, serial_glass, glass_columns_a, glass_columns_a
D:3:      minmay_spotlight, layout_rooms, grunt_decor_clamped, minivault_19,
          minmay_pentomino_pile

Skill      XL: |  1  2  3  4 |
---------------+-------------+-----
Spellcasting   | 2 |  2.0
Fighting       | 4 |  4.0
Axes           | |  3.6
Armour         | |  0.6
Fire Magic     | |  3.5

Action                     |  1- 3 |  4- 6 || total
---------------------------+-------+-------++-------
  Melee: Hand axe          |   105 |    18 ||   123
         Punch             |     1 |       ||     1
         Spear             |       |    18 ||    18
   Cast: Scorch            |       |     2 ||     2
 Invoke: Fiery Armour      |     1 |       ||     1
         Foxfire Swarm     |       |     1 ||     1
    Use: Potion            |       |     4 ||     4
 Armour: Robe              |     9 |       ||     9
         Ring mail         |    11 |       ||    11
         Leather armour    |       |    17 ||    17
  Dodge: Dodged            |    54 |    19 ||    73

Table legend: (Time is in decaauts)
 A = Elapsed time spent in this place.
 B = Non-inter-level travel time spent in this place.
 C = Inter-level travel time spent in this place.
 D = Time resting spent in this place.
 E = Time spent auto-exploring this place.
 F = Levels seen in this place.
 G = Mean time per level.
                   A        B        C        D        E       F      G
               +--------+--------+--------+--------+--------+-----+--------+
         Total |   2057 |   2007 |     50 |    125 |   1466 |   3 |  685.7 |
       Dungeon |   2057 |   2007 |     50 |    125 |   1466 |   3 |  685.7 |
               +--------+--------+--------+--------+--------+-----+--------+

Top non-repeatable levels by time:
     D:2: 989 daAuts
     D:1: 855 daAuts
     D:3: 212 daAuts
